 Dungeon Crawl Stone Soup version 0.27-a0-1196-g3e9cee4cb2 (webtiles) character file.

Game seed: 13308824507914612743

6347 Shayle the Covert (level 10, -8/82 HPs)
             Began as a Demonspawn Enchanter on May 28, 2021.
             Was a Follower of Wu Jian.
             Mangled by a molten gargoyle
             ... wielding a +0 flail
              (13 damage)
             ... on level 9 of the Dungeon on May 29, 2021.
             The game lasted 00:26:52 (10658 turns).

Shayle the Covert (Demonspawn Enchanter)           Turns: 10658, Time: 00:26:53

Health: -8/82      AC:  9    Str: 10    XL:     10   Next: 65%
Magic:  11/13      EV: 16    Int: 16    God:    Wu Jian [*.....]
Gold:   653        SH:  0    Dex: 16    Spells: 7/13 levels left

rFire    . . .     SeeInvis .   i - +3 rapier (elec)
rCold    . . .     Faith    .   (no shield)
rNeg     . . .     Spirit   .   b - +1 robe
rPois    .         Reflect  .   (no helmet)
rElec    .         Harm     .   (no cloak)
rCorr    .         Rampage  .   l - +2 pair of gloves
Will     .....                  (no boots)
Stlth    ++++......             (no amulet)
HPRegen  0.23/turn              (no ring)
MPRegen  0.13/turn              (no ring)

@: no status effects
A: claws 2, icy blue scales 2, foul stench 1, demonic magic 1
a: Renounce Religion


You were on level 9 of the Dungeon.
You worshipped Wu Jian.
Wu Jian was aware of your devotion.
You visited 2 branches of the dungeon, and saw 10 of its levels.
You also visited: Sewer and Ossuary.

You collected 653 gold pieces.

Inventory:

Hand Weapons
 a - a +1 dagger of electrocution
 f - a +1 vampiric dagger
 i - a +3 rapier of electrocution (weapon)
Missiles
 d - 2 throwing nets
 v - a curare-tipped dart
Armour
 b - a +1 robe (worn)
 l - a +2 pair of gloves (worn)
Jewellery
 m - an amulet of regeneration
Wands
 o - a wand of paralysis (6)
 z - a wand of iceblast (6)
 A - a wand of mindburst (9)
 C - a wand of polymorph (12)
Scrolls
 c - a scroll of teleportation
 e - a scroll of amnesia
 g - 2 scrolls of identify
 s - 3 scrolls of magic mapping
 t - a scroll of fog
 x - a scroll of noise
 y - a scroll of immolation {unknown}
Potions
 h - a potion of curing
 j - 2 potions of attraction
 k - 3 potions of brilliance
 n - a potion of lignification
 p - a potion of might
 q - 2 potions of magic
 r - 3 potions of degeneration
 w - a potion of resistance {unknown}
 B - a potion of ambrosia {unknown}


   Skills:
 + Level 8.8 Fighting
 - Level 0.8 Short Blades
 + Level 8.4 Dodging
 + Level 9.3 Stealth
 - Level 2.0 Spellcasting
 - Level 3.0 Hexes
 + Level 5.0 Evocations


You had 7 spell levels left.
You knew the following spells:

 Your Spells              Type           Power      Damage    Failure   Level
a - Corona                Hex            12%        N/A       6%          1
b - Ensorcelled Hibernat  Hex/Ice        12%        N/A       17%         2
c - Confusing Touch       Hex            11%        N/A       19%         3

Your spell library contained the following spells:

 Spells                   Type           Power      Damage    Failure   Level
 Slow                     Hex            11%        N/A       9%          2
 Tukima's Dance           Hex            11%        N/A       19%         3
 Beastly Appendage        Tmut           2%         N/A       21%         1
 Magic Dart               Conj           4%         1d3       21%         1
 Blink                    Tloc           N/A        N/A       30%         2
 Call Imp                 Summ           1%         N/A       30%         2
 Static Discharge         Conj/Air       1%         N/A       30%         2
 Wereblood                Tmut           1%         N/A       30%         2
 Dazzling Flash           Conj/Hex       12%        N/A       32%         3
 Conjure Flame            Conj/Fire      1%         6-21      52%         3
 Gell's Gravitas          Tloc           0%         N/A       52%         3
 Mephitic Cloud           Conj/Pois/Air  1%         N/A       52%         3
 Spider Form              Tmut/Pois      0%         N/A       52%         3
 Ice Form                 Ice/Tmut       1%         N/A       90%         4
 Petrify                  Tmut/Erth      1%         N/A       90%         4
 Metabolic Englaciation   Hex/Ice        3%         N/A       97%         5
 Yara's Violent Unravell  Hex/Tmut       3%         3d4       97%         5
 Hydra Form               Tmut           0%         N/A       99%         5
 Lightning Bolt           Conj/Air       0%         1d11      99%         5
 Ignition                 Fire           0%         3d3       100%        8
 Shatter                  Erth           0%         3d5*      100%        9
 Tornado                  Air            0%         N/A       100%        9


Dungeon Overview and Level Annotations

Branches:
Dungeon (9/15)             Temple (1/1) D:7           Sewer (visited)
Ossuary (visited)
   Lair: D:8-11         Orc: D:9-12

Altars:
Ashenzari
Cheibriados
Dithmenos
Elyvilon
Fedhas
Gozag
Kikubaaqudgha
Makhleb
Okawaru
Qazlal
Ru
Sif Muna
Trog
Uskayaw
Vehumet
Wu Jian
Xom
Yredelemnul
Zin
The Shining One

Shops:
D:8 (

Annotations:
D:7 1 runed translucent door
D:9 1 runed translucent door, PewDiePie's ghost, novice MiBe


Innate Abilities, Weirdness & Mutations

You have very sharp fingernails.
You are mostly covered in icy blue scales. (AC +3)
You may rarely emit foul miasma when damaged in melee.
Spells you cast may paralyse adjacent enemies.


Message History

The molten gargoyle blasts magma at you!
The bolt of magma hits you!!
* * * LOW HITPOINT WARNING * * *
You feel much better. The molten gargoyle misses you.
Casting: Corona (safe; 6% risk of failure)
Confirm with . or Enter, or press ? or * to list all spells.
Aiming: Corona (safe; 6% risk of failure)
Press: ? - help, Shift-Dir - straight line, f - molten gargoyle, p - molten gargoyle
Aim: a molten gargoyle, wielding a +0 morningstar (chance to affect: 16%)
The molten gargoyle easily resists.
Malevolent energies surge around you.
The molten gargoyle hits you with a +0 morningstar.
You are engulfed in flames!
The molten gargoyle hits you with a +0 flail.
You are engulfed in flames!
You feel much better. The molten gargoyle misses you.
The molten gargoyle barely misses you.
You hit the molten gargoyle.
The molten gargoyle is lightly damaged.
The molten gargoyle misses you.
The molten gargoyle hits you with a +0 flail!
You are engulfed in flames!
Okay, then.
Okay, then.
You spin and attack the molten gargoyle.
You hit the molten gargoyle.
The molten gargoyle is lightly damaged.
The molten gargoyle hits you with a +0 morningstar!
* * * LOW HITPOINT WARNING * * *
You are engulfed in flames!
* * * LOW HITPOINT WARNING * * *
Aiming: Iceblast
Press: ? - help, Shift-Dir - straight line, p - molten gargoyle The mass of ice explodes!
The iceblast engulfs the molten gargoyle!
The molten gargoyle is moderately damaged.
The molten gargoyle closely misses you.
The molten gargoyle hits you with a +0 flail.
* * * LOW HITPOINT WARNING * * *
You are engulfed in flames!
You die...

§≈§≈≈..#.....<#.....#.....##
≈§§§9 #..........>..#.....##
≈88§§≈.#............#.....##
≈88≈§§#.###^...<....#.....##
≈§≈≈§§.####..#...##.#.......
≈§.#§....>.......#.......
9..§§.§#............#.....##
#.#.#§#...99....#####.....#
.#.#.#...@....#..##.....##
#............#...........
.............#####.†.†.##
....#####.....# ##.....#.
##### #.....# #......#.
#.....# #......#. #.....#
#####'##. #.....# #........
.....##....


You could see 2 molten gargoyles.

Vanquished Creatures
  3 two-headed ogres (D:9)
  Joseph (D:7)
  5 yaks (D:9)
  A wyvern (D:9)
  A steam dragon (D:9)
  Edmund (D:6)
  A water moccasin (D:6)
  2 ice beasts (D:6)
  2 sky beasts
  An orc warrior (D:7)
  A black bear (D:8)
  A necrophage (D:7)
  An ogre (D:7)
  4 centaurs
  2 phantoms
  A kobold brigand (D:6)
  A wyvern zombie (D:6)
  Blork the orc (D:6)
  5 bullfrogs
  A scorpion (D:6)
  3 killer bees (D:8)
  3 wights
  3 howler monkeys
  A bullfrog zombie (D:5)
  2 hounds (D:5)
  2 centaur zombies
  A gnoll shaman (D:4)
  2 orc priests (D:3)
  A bullfrog skeleton (D:5)
  2 centaur skeletons
  3 iguanas
  2 orc wizards
  A killer bee zombie (D:9)
  A hound skeleton (D:5)
  8 mummies (Ossuary)
  2 howler monkey zombies (D:9)
  5 gnolls
  9 adders
  A river rat (D:6)
  A shadow imp (D:7)
  2 white imps
  An ufetubus (D:4)
  2 worms
  3 dart slugs
  15 orcs
  7 endoplasms
  3 giant cockroaches
  3 gnoll zombies (Ossuary)
  9 goblins
  4 hobgoblins
  4 quokkas
  11 ball pythons
  6 bats
  10 frilled lizards
  A hobgoblin zombie (Ossuary)
  11 kobolds
  2 kobold zombies (Ossuary)
  2 orc zombies (Ossuary)
  6 rats
191 creatures vanquished.

Notes
Turn   | Place    | Note
-------+----------+-------------------------------------------
     0 | D:1      | Shayle the Demonspawn Enchanter began the quest for the
                  | Orb.
     0 | D:1      | Reached XP level 1. HP: 13/13 MP: 3/3
   739 | D:1      | Gained mutation: Spells you cast may paralyse adjacent
                  | enemies. [demonic ancestry]
   739 | D:1      | Reached XP level 2. HP: 16/20 MP: 3/5
   839 | D:2      | Reached skill level 1 in Fighting
   885 | D:2      | Reached skill level 3 in Stealth
  1121 | D:1      | Gained mutation: You have sharp fingernails. [demonic
                  | ancestry]
  1121 | D:1      | Reached XP level 3. HP: 14/26 MP: 2/6
  1668 | D:2      | Found a faded altar of an unknown god.
  1876 | D:2      | Learned a level 2 spell: Ensorcelled Hibernation
  2072 | D:2      | Found a radiant altar of Vehumet.
  2999 | D:3      | Learned a level 3 spell: Confusing Touch
  3042 | D:3      | Reached XP level 4. HP: 27/33 MP: 7/7
  3181 | D:3      | Gained mutation: You are partially covered in icy blue
                  | scales. (AC +2) [demonic ancestry]
  3181 | D:3      | Reached XP level 5. HP: 9/39 MP: 0/8
  3798 | D:4      | Found a sacrificial altar of Ru.
  3894 | D:4      | Reached skill level 4 in Stealth
  4394 | D:4      | Found a radiant altar of Vehumet.
  4609 | D:5      | Entered Level 5 of the Dungeon
  4699 | D:5      | Found a sand-covered staircase.
  4757 | Ossuary  | Entered an ossuary
  4868 | Ossuary  | Gained mutation: You are mostly covered in icy blue scales.
                  | (AC +3) [demonic ancestry]
  4868 | Ossuary  | Reached XP level 6. HP: 44/47 MP: 5/9
  5634 | D:4      | Reached skill level 5 in Stealth
  5738 | D:4      | Reached XP level 7. HP: 54/54 MP: 10/10
  6383 | D:6      | Found a glowing drain.
  6392 | Sewer    | Entered a sewer
  6457 | Sewer    | Reached skill level 5 in Dodging
  6465 | Sewer    | Reached skill level 5 in Fighting
  6977 | Sewer    | Reached skill level 6 in Stealth
  6977 | Sewer    | Reached XP level 8. HP: 58/62 MP: 9/11
  7313 | D:6      | Noticed Edmund
  7323 | D:6      | Killed Edmund
  7561 | D:6      | Reached skill level 7 in Stealth
  7574 | D:6      | Noticed Blork the orc
  7583 | D:6      | Killed Blork the orc
  7853 | D:7      | Noticed a sixfirhy
  7854 | D:7      | Found a runed translucent door.
  7862 | D:7      | Gained mutation: You may rarely emit foul miasma when
                  | damaged in melee. [demonic ancestry]
  7862 | D:7      | Reached XP level 9. HP: 71/71 MP: 10/12
  8482 | D:7      | Found a staircase to the Ecumenical Temple.
  8492 | Temple   | Entered the Ecumenical Temple
  8672 | Temple   | Became a worshipper of the Wu Jian Council
  8729 | D:7      | Noticed Joseph
  8747 | D:7      | Killed Joseph
  8748 | D:7      | Reached skill level 1 in Evocations
  9177 | D:8      | Reached skill level 8 in Stealth
  9374 | D:8      | Found Diwo's Weapon Emporium.
  9379 | D:8      | Noticed a skeletal warrior
  9379 | D:8      | Noticed a skeletal warrior
  9382 | D:8      | Noticed a skeletal warrior
  9603 | D:9      | Noticed a two-headed ogre
  9651 | D:9      | Killed a two-headed ogre
  9652 | D:9      | Gained mutation: You have very sharp fingernails. [demonic
                  | ancestry]
  9652 | D:9      | Reached XP level 10. HP: 48/80 MP: 6/13
  9794 | D:9      | Noticed a two-headed ogre
  9810 | D:9      | Killed a two-headed ogre
 10019 | D:9      | Noticed a two-headed ogre
 10026 | D:9      | Killed a two-headed ogre
 10027 | D:9      | Reached skill level 9 in Stealth
 10227 | D:9      | Reached * piety under Wu Jian
 10383 | D:9      | Found a runed translucent door.
 10383 | D:9      | Found a shimmering altar of Xom.
 10383 | D:9      | Noticed PewDiePie's ghost (novice MiBe)
 10389 | D:9      | Noticed a +3 mace of chaos
 10398 | D:9      | Reached skill level 5 in Evocations
 10631 | D:9      | Noticed a molten gargoyle
 10636 | D:9      | Noticed a molten gargoyle
 10645 | D:9      | Noticed a molten gargoyle
 10658 | D:9      | Mangled by a molten gargoyle

Illustrated notes

Levels and vault maps discovered:
D:1:      heliophobic_arrival_enchanted_forest, layout_rooms, st_stairs_10
D:2:      layout_basic, hellmonk_ecumenical_altar_crossroads, basic_altar
D:3:      layout_loops_ring, dk_noncrumbling_3
D:4:      layout_basic, nicolae_ru_awakened_eye, nicolae_vehumet_radiance
D:5:      layout_basic, nicolae_ossuary_entry_ruins, minmay_misc_feat_doors,
          chequers_serial_rivers_small_3
D:6:      layout_gridville, cheibrodos_sewer_entry_sluice, amethyst_killhole,
          uniq_edmund, uniq_blork_the_orc
D:7:      cheibrodos_shockbox, layout_basic, minmay_temple_entry_grid,
          solitary_fountain, uniq_joseph
D:8:      layout_cave_pools, serial_shops, shop, nicolae_shop_stone
D:9:      layout_stronghold, ebering_ghost_xom, minivault_8
Temple:   hc_temple_tempest_star

Skill      XL: |  1  2  3  4  5  6  7  8  9 10 |
---------------+-------------------------------+-----
Dodging        | 2 3 4 5 6 7 8 |  8.4
Fighting       | 1 2 3 4 5 6 8 |  8.8
Stealth        | 3 4 5 6 7 8 9 |  9.3
Evocations     | 3 5 |  5.0
Short Blades   | |  0.8
Spellcasting   | |  2.0
Hexes          | |  3.0

Action                   |  1- 3 |  4- 6 |  7- 9 | 10-12 || total
-------------------------+-------+-------+-------+-------++-------
Melee: Dagger            |    96 |       |       |       ||    96
       Rapier            |    42 |   138 |   208 |    43 ||   431
 Cast: Corona            |    32 |    10 |    48 |    11 ||   101
       Ensorcelled Hiber |       |     7 |    19 |     9 ||    35
Invok: Lunge             |       |       |     7 |     5 ||    12
       Whirlwind         |       |       |       |     3 ||     3
Evoke: Wand              |       |       |       |     1 ||     1
  Use: Potion            |     1 |     2 |     1 |     2 ||     6
       Scroll            |     4 |     5 |    11 |     1 ||    21
 Stab: Paralysed         |    17 |    15 |    45 |    10 ||    87
       Sleeping          |     4 |     8 |    15 |     5 ||    32
       Distracted        |       |     1 |       |     1 ||     2
Armor: Robe              |    26 |    41 |   101 |    10 ||   178
Dodge: Dodged            |    99 |    75 |   172 |    38 ||   384

Table legend: (Time is in decaauts)
 A = Elapsed time spent in this place.
 B = Non-inter-level travel time spent in this place.
 C = Inter-level travel time spent in this place.
 D = Time resting spent in this place.
 E = Time spent auto-exploring this place.
 F = Levels seen in this place.
 G = Mean time per level.
                   A        B        C        D        E       F      G
               +--------+--------+--------+--------+--------+-----+--------+
         Total |  10780 |  10605 |    175 |   3214 |   4872 |  12 |  898.3 |
       Dungeon |   9352 |   9204 |    148 |   2699 |   4511 |   9 | 1039.1 |
        Temple |    207 |    180 |     27 |      0 |    171 |   1 |  207.0 |
         Sewer |    710 |    710 |      0 |    294 |    189 |   1 |  710.0 |
       Ossuary |    509 |    509 |      0 |    221 |      0 |   1 |  509.0 |
               +--------+--------+--------+--------+--------+-----+--------+

Top non-repeatable levels by time:
     D:1: 1469 daAuts
     D:3: 1359 daAuts
     D:9: 1248 daAuts
     D:4: 1106 daAuts
     D:6: 1051 daAuts
     D:5: 997 daAuts
     D:7: 938 daAuts
     D:2: 936 daAuts
   Sewer: 710 daAuts
 Ossuary: 509 daAuts
     D:8: 244 daAuts
  Temple: 207 daAuts
